team 1 (loser)
morvz (
teal | 39 APM | 295 actions | 07:35)
2 Death Knight
1 Death Coil
1 Unholy Aura
» actions
| Basic commands | 38 | |
| Build / train | 22 | |
| Enter build submenu | 10 | |
| Enter hero's abilities submenu | 2 | |
| Right click | 92 | |
| Select / deselect | 104 | |
| Use ability | 27 | |
295 total
» units
| Acolyte | 2 | |
| Ghoul | 3 | |
| Crypt Fiend | 9 | |
14 total
» buildings
| Ziggurat | 3 | |
| Altar of Darkness | 1 | |
| Graveyard | 2 | |
| Nerubian Tower | 1 | |
| Crypt | 1 | |
| Tomb of Relics | 1 | |
| Spirit Tower | 2 | |
| Halls of the Dead | 1 | |
12 total
» build order
00:08 Ziggurat
00:17 Altar of Darkness
00:38 Graveyard
00:47 Graveyard
00:59 Nerubian Tower
01:09 Crypt
01:28 Ziggurat
01:59 Tomb of Relics
02:24 Spirit Tower
02:51 Ziggurat
03:44 Spirit Tower
05:12 Halls of the Dead
» items
TuseBurger (
pink | 36 APM | 275 actions | 07:40)
2 Archmage
1 Summon Water Elemental
1 Brilliance Aura
» actions
| Build / train | 27 | |
| Enter build submenu | 18 | |
| Enter hero's abilities submenu | 2 | |
| Right click | 85 | |
| Select / deselect | 115 | |
| Use ability | 28 | |
275 total
» units
| Peasant | 10 | |
| Footman | 2 | |
| Rifleman | 8 | |
20 total
» buildings
| Altar of Kings | 1 | |
| Farm | 7 | |
| Barracks | 1 | |
| Blacksmith | 1 | |
| Lumber Mill | 1 | |
| Town Hall | 1 | |
| Arcane Vault | 1 | |
| Scout Tower | 7 | |
| Guard Tower | 3 | |
23 total
» build order
00:08 Altar of Kings
00:11 Farm
00:41 Barracks
00:47 Farm
01:42 Blacksmith
02:04 Farm
02:07 Farm
02:30 Lumber Mill
02:36 Farm
03:27 Farm
03:30 Farm
04:24 Town Hall
04:43 Arcane Vault
06:11 Scout Tower
06:13 Scout Tower
06:14 Scout Tower
06:15 Scout Tower
06:48 Guard Tower
06:56 Scout Tower
07:03 Scout Tower
07:14 Guard Tower
07:33 Scout Tower
07:34 Guard Tower
» items
white.sun (
yellow | 71 APM | 534 actions | 07:32)
2 Dreadlord
1 Sleep
1 Vampiric Aura
» actions
| Basic commands | 61 | |
| Build / train | 22 | |
| ESC pressed | 2 | |
| Enter build submenu | 8 | |
| Enter hero's abilities submenu | 2 | |
| Remove unit from queue | 2 | |
| Right click | 230 | |
| Select / deselect | 192 | |
| Use ability | 15 | |
534 total
» units
» buildings
| Altar of Darkness | 1 | |
| Ziggurat | 3 | |
| Graveyard | 2 | |
| Crypt | 1 | |
| Nerubian Tower | 0 | |
| Halls of the Dead | 1 | |
| Spirit Tower | 2 | |
10 total
» build order
00:14 Altar of Darkness
00:16 Ziggurat
00:28 Graveyard
00:31 Crypt
01:13 Ziggurat
01:41 Graveyard
02:06 Nerubian Tower
03:11 Halls of the Dead
04:19 Spirit Tower
04:21 Ziggurat
06:16 Spirit Tower
team 2 (winner)
Adamb (
blue | 52 APM | 533 actions | 10:12)
3 Archmage
2 Summon Water Elemental
1 Brilliance Aura
» actions
| Assign group hotkey | 6 | |
| Build / train | 32 | |
| ESC pressed | 1 | |
| Enter build submenu | 21 | |
| Enter hero's abilities submenu | 3 | |
| Right click | 147 | |
| Select / deselect | 271 | |
| Select group hotkey | 14 | |
| Use ability | 38 | |
533 total
» units
» buildings
| Altar of Kings | 1 | |
| Lumber Mill | 1 | |
| Farm | 3 | |
| Scout Tower | 17 | |
| Guard Tower | 11 | |
33 total
» build order
00:03 Altar of Kings
00:05 Lumber Mill
00:25 Farm
01:10 Farm
01:10 Farm
05:53 Scout Tower
05:55 Scout Tower
05:56 Scout Tower
05:59 Scout Tower
06:01 Scout Tower
06:10 Scout Tower
06:14 Scout Tower
06:21 Guard Tower
06:26 Scout Tower
06:28 Guard Tower
06:28 Guard Tower
06:28 Guard Tower
06:30 Guard Tower
06:30 Scout Tower
06:32 Scout Tower
06:42 Scout Tower
06:43 Scout Tower
06:46 Scout Tower
06:47 Scout Tower
06:52 Guard Tower
06:57 Scout Tower
07:06 Guard Tower
07:13 Guard Tower
07:15 Scout Tower
07:16 Scout Tower
07:30 Guard Tower
08:03 Guard Tower
Heffreh (
purple | 63 APM | 487 actions | 07:40)
2 Archmage
2 Summon Water Elemental
» actions
| Assign group hotkey | 4 | |
| Basic commands | 4 | |
| Build / train | 27 | |
| Enter build submenu | 17 | |
| Enter hero's abilities submenu | 2 | |
| Remove unit from queue | 1 | |
| Right click | 243 | |
| Select / deselect | 135 | |
| Select group hotkey | 25 | |
| Use ability | 29 | |
487 total
» units
» buildings
| Altar of Kings | 1 | |
| Barracks | 1 | |
| Farm | 3 | |
| Lumber Mill | 1 | |
| Scout Tower | 10 | |
| Guard Tower | 7 | |
| Keep | 1 | |
24 total
» build order
00:05 Altar of Kings
00:10 Barracks
00:29 Farm
01:13 Farm
01:55 Farm
02:46 Lumber Mill
05:56 Scout Tower
05:58 Scout Tower
06:02 Scout Tower
06:04 Scout Tower
06:09 Scout Tower
06:11 Scout Tower
06:14 Scout Tower
06:26 Scout Tower
06:27 Scout Tower
06:30 Guard Tower
06:38 Guard Tower
06:40 Guard Tower
06:40 Guard Tower
06:42 Scout Tower
07:08 Keep
07:19 Guard Tower
Trevar (
green | 51 APM | 388 actions | 07:40)
1 Keeper of the Grove
1 Force of Nature
» actions
| Build / train | 25 | |
| Enter build submenu | 9 | |
| Enter hero's abilities submenu | 1 | |
| Remove unit from queue | 1 | |
| Right click | 270 | |
| Select / deselect | 66 | |
| Use ability | 16 | |
388 total
» units
» upgrades
| Strength of the Moon | 0 | |
| Moon Armor | 1 | |
1 total
» buildings
| Altar of Elders | 1 | |
| Moon Well | 4 | |
| Tree of Life | 1 | |
| Hunter's Hall | 1 | |
| Ancient of War | 2 | |
9 total
» build order
00:08 Altar of Elders
00:26 Moon Well
01:49 Tree of Life
02:11 Hunter's Hall
03:00 Ancient of War
03:49 Moon Well
03:56 Moon Well
06:32 Ancient of War
06:37 Moon Well